 Dungeon Crawl Stone Soup version 0.31-a0-331-geda263fcf1 (webtiles) character file.

Game seed: 7602944685292028595

413 holysushi the Changeling (level 6, 0/39 HPs)
             Began as an Octopode Shapeshifter on July 19, 2023.
             Succumbed to a scorpion's poison
             ... on level 4 of the Dungeon.
             The game lasted 00:06:08 (3659 turns).

holysushi the Changeling (Octopode Shapeshifter)    Turns: 3659, Time: 00:06:08

Health: 0/39       AC:  1    Str: 14    XL:     6   Next: 91%
Magic:  6/6        EV: 15    Int: 10    God:
Gold:   99         SH:  0    Dex: 15    Spells: 5/5 levels left

rFire   . .          .
                       - Unarmed
rCold   . . .        (no shield)
rNeg    . . .        (helmet currently unavailable)
rPois   .            (no amulet)
rElec   .            (no ring)
rCorr   .            (no ring)
SInv    .            (no ring)
Will    .....        (no ring)
Stlth   ++           (no ring)
HPRegen 0.26/turn    (no ring)
MPRegen 0.10/turn    (no ring)
                     (no ring)

%: no passive effects
@: confused, lethally poisoned (0 -> -4), beast-form, hasted, very quick
A: beast (slay +3), almost no armour, amphibious, 8 rings, camouflage 1,
gelatinous body 1, (nimble swimmer 1), tentacles
a: Begin Untransformation


You were on level 4 of the Dungeon.
You were a hulking beast.
You visited 1 branch of the dungeon, and saw 4 of its levels.

You collected 132 gold pieces.
You spent 33 gold pieces at shops.

Inventory:

Talismans
 b - a beast talisman
Scrolls
 a - 2 scrolls of enchant weapon
 e - a scroll of revelation
 l - 3 scrolls of teleportation
 m - a scroll of immolation


   Skills:
 - Level 2.0 Fighting
 + Level 4.4 Dodging
 + Level 4.3 Unarmed Combat
 + Level 4.4 Shapeshifting


You had 5 spell levels left.
You didn't know any spells.
Your spell library contained the following spells:

 Spells                   Type           Power      Damage    Failure   Level
 Summon Small Mammal      Summ           0%         N/A       36%         1
 Call Canine Familiar     Summ           0%         N/A       75%         3
 Summon Guardian Golem    Hex/Summ       0%         N/A       75%         3
 Tukima's Dance           Hex            0%         N/A       75%         3
 Passage of Golubria      Tloc           0%         N/A       98%         4
 Yara's Violent Unravell  Hex/Tmut       0%         3d3       100%        5


Dungeon Overview and Level Annotations

Branches:
Dungeon (4/15) Zot: 20362
 Temple: D:4-7

Altars:
Trog
Uskayaw
Vehumet
The Shining One

Shops:
D:2 (?(!   D:3 (

Annotations:
D:4 Edmund


Innate Abilities, Weirdness & Mutations

You are a hulking beast.
Your limbs bulge with bestial killing power. (Slay +3)
You cannot wear most types of armour.
You are amphibious.
You can wear up to eight rings at the same time.
Your skin changes colour to match your surroundings (Stealth+).
Your rubbery body absorbs attacks. (AC +1, EV +1)
((You are camouflaged when in or above water. (Stealth+)))
You have tentacles for arms and can constrict up to eight enemies at once.


Message History

The orc wizard closely misses you.
The orc wizard gestures at you while chanting.
You are more confused.
The orc wizard hits you with a +1 dagger of speed.
The scorpion misses you.
You bump into the rock wall.
The orc wizard barely misses you.
The scorpion stings you but does no damage.
The orc wizard completely misses you.
Okay, then.
The scorpion attacks as you move away! The scorpion closely misses you.
The orc wizard hits you with a +1 dagger of speed.
You're too confused to move!
The orc wizard barely misses you. The scorpion stings you.
You are poisoned.
The scorpion poisons you! The orc wizard casts a spell at you.
You are more confused.
You feel very sick.
The orc wizard hits you with a +1 dagger of speed.
* * * LOW HITPOINT WARNING * * *
The scorpion stings you!
* * * LOW HITPOINT WARNING * * *
Okay, then.
You are too confused!
Unknown command.
You are too confused!
Unknown command.
You feel yourself speed up.
* * * LOW HITPOINT WARNING * * *
You feel sick. The orc wizard closely misses you.
The scorpion completely misses you. The orc wizard closely misses you.
Unknown command.
* * * LOW HITPOINT WARNING * * *
You feel sick.
There is a stone staircase leading up here.
* * * LOW HITPOINT WARNING * * *
You feel sick.
In your confused state, you trip and fall back down the stairs.
* * * LOW HITPOINT WARNING * * *
You die...

######
.....######
.P♣#......#
.♣♣♣#####.#
~♣♣ #..#
#### .P♣
#.## #..
.....
.P♣♣♣♣♣#.#
#.# #
....##
~~♣P~♣♣..#
#h####.# .
....#
~~~.Oo..##
###o#....#
..###.o.#
~~P♣♣♣s.#
#..s.....#
.........
O♣♣♣ ♣♣.#
#)#.#.#..#
>.o.oo#


oP♣ ♣##.######.#......# ...##...# ~P♣ #......)[................o.<#
~o♣♣..########)##.##.###..#.#..## .♣♣### #)......# ..... .# ......### ......#
You could see a scorpion and an orc wizard.

Vanquished Creatures
  An ogre (D:4)
  A scorpion (D:4)
  2 orc priests (D:4)
  2 iguanas
  An orc wizard (D:4)
  5 adders
  4 worms
  2 dart slugs
  9 orcs
  4 endoplasms
  5 giant cockroaches
  4 goblins
  10 hobgoblins
  7 kobolds
  4 quokkas
  5 ball pythons
  5 bats
  2 frilled lizards (D:1)
  2 rats
75 creatures vanquished.

Notes
Turn   | Place    | Note
-------+----------+-------------------------------------------
     0 | D:1      | holysushi the Octopode Shapeshifter began the quest for the
                  | Orb.
     0 | D:1      | Reached XP level 1. HP: 14/14 MP: 1/1
   115 | D:1      | Reached XP level 2. HP: 19/19 MP: 2/2
   726 | D:2      | Reached XP level 3. HP: 24/24 MP: 3/3
   768 | D:2      | Found Esuurub's Antique Weapon Boutique.
   870 | D:2      | Found a hide-covered altar of Uskayaw.
   967 | D:2      | Found Nigudoj's Distillery.
  1218 | D:2      | Reached XP level 4. HP: 24/29 MP: 4/4
  1249 | D:2      | Found Amoalerch's Magic Scroll Emporium.
  1261 | D:2      | Bought a scroll of teleportation for 33 gold pieces
  1286 | D:2      | Found Nyechul's Antique Weapon Emporium.
  1310 | D:2      | Found a faded altar of an unknown god.
  1655 | D:3      | Found Foenits's Weapon Boutique.
  2164 | D:3      | Reached XP level 5. HP: 14/34 MP: 5/5
  2264 | D:3      | Found a glowing golden altar of the Shining One.
  2268 | D:3      | Found a bloodstained altar of Trog.
  2271 | D:3      | Found a radiant altar of Vehumet.
  2869 | D:4      | Reached XP level 6. HP: 30/39 MP: 6/6
  3213 | D:4      | Noticed Edmund
  3659 | D:4      | HP: 1/39 [fell downstairs (1)]
  3659 | D:4      | Succumbed to a scorpion's poison

Illustrated notes

Levels and vault maps discovered:
D:1:      wander_arrival_peaceful_grave, layout_basic
D:2:      minmay_alternating_diamond, layout_basic, basic_altar, serial_shops,
          shop, nicolae_shop_getting_attention, shop,
          nicolae_shop_rolling_square, hellmonk_ecumenical_altar_blasted,
          minmay_bisected
D:3:      layout_rooms, grunt_temple_overflow_diamond, serial_shops,
          nicolae_shop_just_a_little_nook, serial_aquarium,
          aquarium_bridge_straight [aquarium_subvault_bridge,
          aquarium_subvault_window, aquarium_subvault_bridge,
          aquarium_subvault_wall], aquarium_window_2, aquarium_window_2,
          aquarium_window_corner, aquarium_view_2a, kennysheep_big_empty_room
D:4:      layout_loops_cross, serial_bayou, serial_bayou_crossing,
          serial_bayou_pond_a, serial_bayou_lagoon_a, serial_bayou_pond_b,
          uniq_edmund, uniq_pikel, uniq_crazy_yiuf_cottage

Skill      XL: |  1  2  3  4  5  6 |
---------------+-------------------+-----
Dodging        | 3 4 |  4.4
Unarmed Combat | 3 4 |  4.3
Shapeshifting  | 4 |  4.4
Fighting       | |  2.0

Action                     |  1- 3 |  4- 6 || total
---------------------------+-------+-------++-------
  Melee: Unarmed           |    59 |   114 ||   173
         Constrict         |    15 |    25 ||    40
         Tentacles         |     9 |    15 ||    24
         Punch             |     2 |     8 ||    10
    Use: Scroll            |       |    10 ||    10
         Potion            |       |     8 ||     8
   Stab: Sleeping          |     5 |     3 ||     8
         Distracted        |     1 |       ||     1
 Armour: Skin              |     6 |     8 ||    14
  Dodge: Dodged            |    37 |    70 ||   107

Table legend: (Time is in decaauts)
 A = Elapsed time spent in this place.
 B = Non-inter-level travel time spent in this place.
 C = Inter-level travel time spent in this place.
 D = Time resting spent in this place.
 E = Time spent auto-exploring this place.
 F = Levels seen in this place.
 G = Mean time per level.
                   A        B        C        D        E       F      G
               +--------+--------+--------+--------+--------+-----+--------+
         Total |   3637 |   3440 |    197 |    889 |   1823 |   4 |  909.2 |
       Dungeon |   3637 |   3440 |    197 |    889 |   1823 |   4 |  909.2 |
               +--------+--------+--------+--------+--------+-----+--------+

Top non-repeatable levels by time:
     D:3: 1259 daAuts
     D:2: 1000 daAuts
     D:4: 726 daAuts
     D:1: 652 daAuts
